Jets vs Lightning
Created - April 12, 2018 at 19:24
Goals
|
Jets |
1 |
0 |
0 |
1 |
Lightning |
1 |
2 |
1 |
4 |
|
Shots
|
Jets |
9 |
4 |
8 |
21 |
Lightning |
4 |
11 |
8 |
23 |
|
1st period
1. Lightning , Pierre-Marc Bouchard 19 (Steve Bernier 17, Jeff Schultz 22) at 17:20 (PP)
2. Jets , Erik Haula 9 (James Wright 3, Josh Bailey 5) at 19:58
Penalties :
Loui Eriksson (TB.) for Roughing (Double Minor) at 5:51, Derek Stepan (Win) for Roughing (Minor) at 16:46
2nd period
3. Lightning , Robert Nilsson 37 (Henrik Zetterberg 64, Kris Versteeg 36) at 2:27 (PP)
4. Lightning , Steve Bernier 12 (John Carlson 31, Daniel Carcillo 9) at 19:15
Penalties :
Benoit Pouliot (Win) for Interference (Minor) at 1:42, Tyler Myers (Win) for Boarding (Minor) at 13:36
3rd period
5. Lightning , Henrik Zetterberg 41 (Kris Versteeg 37) at 18:43
Penalties :
Marco Scandella (Win) for Tripping (Minor) at 4:30, Pierre-Marc Bouchard (TB.) for Hooking (Minor) at 14:57
Goalie Stats
Kari Lehtonen (Win), 19 saves from 23 shots - (0.826), L, 30-15-2, 60:00 minutes
Jaroslav Halak (TB.), 20 saves from 21 shots - (0.952), W, 28-30-8, 60:00 minutes
Players Stats for Jets
Player Name G A P +/- PIM S H SB GA TA FO MP PP MP PK MP
------------------------------------------------------------------------------------
Alexander Frolov 0 0 0 -2 0 0 4 0 0 0 1/1 16:46 2:33 1:38
Anton Volchenkov 0 0 0 0 0 1 0 3 1 1 0/0 16:12 0:00 2:26
Benoit Pouliot 0 0 0 0 2 1 3 1 0 0 1/3 19:40 2:55 0:14
Derek Roy 0 0 0 0 0 3 1 1 0 0 10/23 19:46 2:55 0:37
Derek Stepan 0 0 0 -2 2 1 2 1 0 0 5/9 15:00 2:38 0:00
Devin Setoguchi 0 0 0 -2 0 1 2 0 0 0 0/0 15:02 2:36 0:00
Dustin Brown 0 0 0 0 0 2 2 0 0 1 0/0 22:26 2:55 3:17
Eric Gelinas 0 0 0 -1 0 0 0 0 0 1 0/0 18:40 3:12 0:14
Erik Haula 1 0 1 1 0 2 2 0 0 0 4/5 13:08 0:17 3:21
James Wright 0 1 1 1 0 4 0 0 0 0 1/1 9:30 0:12 0:00
Joe Colborne 0 0 0 0 0 1 0 0 0 0 0/1 11:14 0:00 0:39
Josh Bailey 0 1 1 1 0 1 0 0 0 0 1/1 9:15 0:00 0:00
Justin Falk 0 0 0 0 0 1 1 0 0 0 0/0 15:30 0:00 1:14
Lee Stempniak 0 0 0 0 0 0 1 0 0 0 0/0 11:47 0:23 0:48
Marco Scandella 0 0 0 0 2 0 2 1 0 0 0/0 23:42 2:46 1:50
Marcus Johansson 0 0 0 0 0 1 1 0 0 0 0/0 11:36 0:30 0:00
Shea Weber 0 0 0 -1 0 1 2 3 1 0 0/0 25:39 3:12 2:47
Tyler Myers 0 0 0 0 2 1 3 0 0 1 0/0 19:46 2:46 2:03
Players Stats for Lightning
Player Name G A P +/- PIM S H SB GA TA FO MP PP MP PK MP
------------------------------------------------------------------------------------
Andy Rogers 0 0 0 2 0 0 1 3 1 1 0/0 21:19 2:54 2:55
Brent Burns 0 0 0 -1 0 1 0 1 0 0 0/0 22:31 2:23 3:00
Daniel Carcillo 0 1 1 0 0 4 0 0 0 0 0/2 18:26 2:03 1:30
Davis Drewiske 0 0 0 0 0 0 0 0 0 0 0/0 5:26 0:00 0:03
Henrik Zetterberg 1 1 2 1 0 3 3 0 2 0 3/4 23:11 3:14 2:36
Jeff Schultz 0 1 1 -1 0 4 1 1 0 0 0/0 26:11 2:23 3:00
John Carlson 0 1 1 2 0 2 0 1 0 0 0/0 21:13 2:54 2:55
Jordan Nolan 0 0 0 0 0 1 4 0 0 0 0/2 14:19 0:00 0:10
Justin Schultz 0 0 0 0 0 1 1 0 0 0 0/0 11:57 0:00 0:03
Kris Versteeg 0 2 2 1 0 0 2 0 0 0 0/1 19:46 3:14 1:53
Loui Eriksson 0 0 0 0 4 0 3 0 0 0 0/0 12:59 0:00 0:00
Pierre-Luc Létourneau 0 0 0 0 0 0 0 0 0 0 0/0 7:26 0:00 0:00
Pierre-Marc Bouchard 1 0 1 0 2 2 4 0 0 0 5/12 18:51 2:03 1:18
Reilly Smith 0 0 0 0 0 0 0 0 0 0 0/0 7:26 0:00 0:00
Robert Nilsson 1 0 1 1 0 4 0 0 0 1 13/22 20:43 3:14 2:42
Sheldon Keefe 0 0 0 0 0 0 2 0 1 0 0/1 14:04 0:00 1:47
Steve Bernier 1 1 2 0 0 1 1 0 0 0 0/0 16:49 2:03 0:00
Steve McCarthy 0 0 0 0 0 0 0 0 0 0 0/0 11:23 0:00 0:00
3 Stars
1 - Henrik Zetterberg (TB.)
2 - Steve Bernier (TB.)
3 - Kris Versteeg (TB.)
Power Play
Jets - 0 on 3 Attempt(s) - 0.00%
Lightning - 2 on 4 Attempt(s) - 50.00%
Penalty Kill
Jets - 2 on 4 Attempt(s) - 50.00%
- Score 0 goal in Penalty Kill
Lightning - 3 on 3 Attempt(s) - 100.00%
- Score 0 goal in Penalty Kill
Team Stat
Jets - Hits : 26 - Faceoff Wins : 23 - Blocked Shots : 10 - Penalty Minutes : 8
Lightning - Hits : 22 - Faceoff Wins : 21 - Blocked Shots : 6 - Penalty Minutes : 6
Official
Referees : Peel Tim and Walkom Stephen
Linesman : Brian Murphy and Mike Cvik
Game Notes
Tyler Myers is injured at 17:27 of 3rd period (Abdomen/Ribs)
Finance
Level 1 -- Attendance: 3398 (56.63%) -- Ticket Income $390,770
Level 2 -- Attendance: 3314 (66.28%) -- Ticket Income $212,096
Level 3 -- Attendance: 1186 (59.30%) -- Ticket Income $52,184
Level 4 -- Attendance: 2125 (53.13%) -- Ticket Income $85,000
Luxury Box -- Attendance: 609 (60.90%) -- Ticket Income $130,935
Game was played at the Tampa Bay Stadium.
Total Attendance: 10632 (59.07%)
Total Ticket Income: $870,985
Other Income: $130,648
Total Income: $1,001,633
Jets
5 vs 5 Forward
Center Left Wing Right Wing Time % Phy DF OF
1 Derek Roy Benoit Pouliot Dustin Brown 40 1 2 2
2 Derek Stepan Alexander Frolov Devin Setoguchi 25 1 2 2
3 Joe Colborne Marcus Johansson Lee Stempniak 20 0 3 2
4 James Wright Erik Haula Josh Bailey 15 1 2 2
5 vs 5 Defense
Defense Defense Time % Phy DF OF
1 Shea Weber Marco Scandella 40 1 3 1
2 Tyler Myers Eric Gelinas 30 1 2 2
3 Justin Falk Anton Volchenkov 25 1 2 2
4 Shea Weber Tyler Myers 5 1 2 2
PowerPlay Forward
Center Left Wing Right Wing Time % Phy DF OF
1 Derek Roy Benoit Pouliot Dustin Brown 60 1 0 4
2 Derek Stepan Alexander Frolov Devin Setoguchi 40 1 2 2
PowerPlay Defense
Defense Defense Time % Phy DF OF
1 Marco Scandella Tyler Myers 55 1 1 3
2 Eric Gelinas Shea Weber 45 0 1 4
Penalty Kill 4 Players Forward
Center Wing Time % Phy DF OF
1 Erik Haula Dustin Brown 60 1 2 2
2 Joe Colborne Alexander Frolov 40 1 2 2
Penalty Kill 4 Players Defense
Defense Defense Time % Phy DF OF
1 Marco Scandella Tyler Myers 60 1 2 2
2 Anton Volchenkov Shea Weber 40 1 2 2
Penalty Kill - 3 Players Forward
Forward Time % Phy DF OF
1 Erik Haula 60 1 2 2
2 Alexander Frolov 40 1 2 2
Penalty Kill - 3 Players Defense
Defense Defense Time % Phy DF OF
1 Shea Weber Tyler Myers 60 1 2 2
2 Anton Volchenkov Marco Scandella 40 1 2 2
4 vs 4 Forward
Center Wing Time % Phy DF OF
1 Derek Stepan Devin Setoguchi 60 1 2 2
2 Derek Roy Benoit Pouliot 40 1 2 2
4 vs 4 Defense
Defense Defense Time % Phy DF OF
1 Tyler Myers Marco Scandella 60 1 2 2
2 Shea Weber Eric Gelinas 40 1 2 2
Last Minutes Offensive
Center Left Wing Right Wing Defense Defense
Derek Roy Benoit Pouliot Dustin Brown Shea Weber Marco Scandella
Last Minutes Defensive
Center Left Wing Right Wing Defense Defense
Derek Roy Erik Haula Dustin Brown Shea Weber Tyler Myers
Goaltenders
Starting : Kari Lehtonen
Backup : Jacob Markstrom
Extra Forwards
Normal : Marcus Johansson, Derek Roy, Lee Stempniak - PP : Marcus Johansson, Derek Roy - PK : Lee Stempniak
Extra Defensemen
Normal : Eric Gelinas, Shea Weber, Justin Falk - PP : Eric Gelinas - PK : Shea Weber, Justin Falk
Penalty Shots
Derek Roy, Benoit Pouliot, Devin Setoguchi, Lee Stempniak, Marcus Johansson
Scratches
Fredrik Sjostrom (Healthy), Kevin Klein (Healthy), Michael Rupp (Healthy)
Lightning
5 vs 5 Forward
Center Left Wing Right Wing Time % Phy DF OF
1 Robert Nilsson Henrik Zetterberg Kris Versteeg 40 1 2 2
2 Pierre-Marc Bouchard Daniel Carcillo Steve Bernier 30 1 2 2
3 Jordan Nolan Loui Eriksson Sheldon Keefe 20 1 2 2
4 Henrik Zetterberg Pierre-Luc Létourneau Reilly Smith 10 1 2 2
5 vs 5 Defense
Defense Defense Time % Phy DF OF
1 Jeff Schultz Brent Burns 40 1 2 2
2 John Carlson Andy Rogers 30 1 2 2
3 Steve McCarthy Justin Schultz 20 1 2 2
4 Davis Drewiske Jeff Schultz 10 1 2 2
PowerPlay Forward
Center Left Wing Right Wing Time % Phy DF OF
1 Robert Nilsson Henrik Zetterberg Kris Versteeg 60 1 2 2
2 Pierre-Marc Bouchard Daniel Carcillo Steve Bernier 40 1 2 2
PowerPlay Defense
Defense Defense Time % Phy DF OF
1 Jeff Schultz Brent Burns 60 1 2 2
2 John Carlson Andy Rogers 40 1 2 2
Penalty Kill 4 Players Forward
Center Wing Time % Phy DF OF
1 Henrik Zetterberg Robert Nilsson 60 1 2 2
2 Kris Versteeg Pierre-Marc Bouchard 40 1 2 2
Penalty Kill 4 Players Defense
Defense Defense Time % Phy DF OF
1 Jeff Schultz Brent Burns 60 1 2 2
2 John Carlson Andy Rogers 40 1 2 2
Penalty Kill - 3 Players Forward
Forward Time % Phy DF OF
1 Henrik Zetterberg 60 1 2 2
2 Robert Nilsson 40 1 2 2
Penalty Kill - 3 Players Defense
Defense Defense Time % Phy DF OF
1 Jeff Schultz Brent Burns 60 1 2 2
2 John Carlson Andy Rogers 40 1 2 2
4 vs 4 Forward
Center Wing Time % Phy DF OF
1 Henrik Zetterberg Robert Nilsson 60 1 2 2
2 Kris Versteeg Pierre-Marc Bouchard 40 1 2 2
4 vs 4 Defense
Defense Defense Time % Phy DF OF
1 Jeff Schultz Brent Burns 60 1 2 2
2 John Carlson Andy Rogers 40 1 2 2
Last Minutes Offensive
Center Left Wing Right Wing Defense Defense
Robert Nilsson Henrik Zetterberg Kris Versteeg Jeff Schultz Brent Burns
Last Minutes Defensive
Center Left Wing Right Wing Defense Defense
Robert Nilsson Henrik Zetterberg Kris Versteeg Jeff Schultz Brent Burns
Goaltenders
Starting : Jaroslav Halak
Backup : Adam Munro
Extra Forwards
Normal : Jordan Nolan, Loui Eriksson, Sheldon Keefe - PP : Jordan Nolan, Loui Eriksson - PK : Sheldon Keefe
Extra Defensemen
Normal : Steve McCarthy, Justin Schultz, Davis Drewiske - PP : Steve McCarthy - PK : Justin Schultz, Davis Drewiske
Penalty Shots
Henrik Zetterberg, Robert Nilsson, Kris Versteeg, Pierre-Marc Bouchard, Jordan Nolan
Scratches
Danny Richmond (Lacerated Left Calf Injury), Mikael Backlund (Abdominal Strain Injury)
% Time on Ice - Jets
Lines # - Real PCT - Wanted PCT - Time Play
Normal Forward
1 - 34% - 40% - 16:29
2 - 26% - 25% - 12:26
3 - 22% - 20% - 10:35
4 - 19% - 15% - 9:15
Normal Defense
1 - 42% - 40% - 20:29
2 - 29% - 30% - 13:56
3 - 27% - 25% - 12:59
4 - 3% - 5% - 1:21
PP Forward
1 - 54% - 60% - 3:15
2 - 46% - 40% - 2:43
PP Defense
1 - 46% - 55% - 2:46
2 - 54% - 45% - 3:12
PK Forward
1 - 88% - 60% - 4:38
2 - 12% - 40% - 0:39
PK Defense
1 - 75% - 60% - 3:58
2 - 25% - 40% - 1:19
PK3 Forward
1 - 0% - 60%
2 - 0% - 40%
PK3 Defense
1 - 0% - 60%
2 - 0% - 40%
44 Forward
1 - 0% - 60%
2 - 0% - 40%
44 Defense
1 - 0% - 60%
2 - 0% - 40%
Last Minute Offensive - 0:00
Last Minute Defensive - 0:00
Total
Forward - 60:00
Defense - 60:00
|
% Time on Ice - Lightning
Lines # - Real PCT - Wanted PCT - Time Play
Normal Forward
1 - 31% - 40% - 14:53
2 - 30% - 30% - 14:46
3 - 24% - 20% - 11:40
4 - 15% - 10% - 7:26
Normal Defense
1 - 36% - 40% - 17:39
2 - 32% - 30% - 15:24
3 - 23% - 20% - 11:23
4 - 9% - 10% - 4:19
PP Forward
1 - 61% - 60% - 3:14
2 - 39% - 40% - 2:03
PP Defense
1 - 45% - 60% - 2:23
2 - 55% - 40% - 2:54
PK Forward
1 - 68% - 60% - 4:05
2 - 32% - 40% - 1:53
PK Defense
1 - 51% - 60% - 3:03
2 - 49% - 40% - 2:55
PK3 Forward
1 - 0% - 60%
2 - 0% - 40%
PK3 Defense
1 - 0% - 60%
2 - 0% - 40%
44 Forward
1 - 0% - 60%
2 - 0% - 40%
44 Defense
1 - 0% - 60%
2 - 0% - 40%
Last Minute Offensive - 0:00
Last Minute Defensive - 0:00
Total
Forward - 60:00
Defense - 60:00
|
Play by Play
1st period
0:01 of 1st period - Derek Roy wins face-off versus Robert Nilsson in neutral zone.
1:30 of 1st period - Slapshot by Dustin Brown.
1:30 of 1st period - Shot Misses the Net.
1:32 of 1st period - Slapshot by Anton Volchenkov.
1:32 of 1st period - Shot Blocked by Jeff Schultz.
1:34 of 1st period - Snap shot by Derek Roy.
1:34 of 1st period - Shot Misses the Net.
1:36 of 1st period - Backhand shot by Anton Volchenkov.
1:36 of 1st period - Stopped by Jaroslav Halak without a rebound.
1:37 of 1st period - Derek Stepan wins face-off versus Daniel Carcillo in Lightning zone.
2:17 of 1st period - Marco Scandella is hit by Jordan Nolan and loses puck.
3:19 of 1st period - Shea Weber is hit by Jordan Nolan.
3:31 of 1st period - Wrist shot by Derek Stepan.
3:31 of 1st period - Shot Blocked by John Carlson.
3:33 of 1st period - Snap shot by Derek Stepan.
3:33 of 1st period - Stopped by Jaroslav Halak without a rebound.
3:34 of 1st period - Derek Roy wins face-off versus Pierre-Marc Bouchard in Lightning zone.
4:52 of 1st period - Snap shot by Marcus Johansson.
4:52 of 1st period - Shot Misses the Net.
5:23 of 1st period - Henrik Zetterberg is hit by Alexander Frolov and loses puck.
5:51 of 1st period - Double Minor Penalty to Loui Eriksson for Roughing.
5:52 of 1st period - Henrik Zetterberg wins face-off versus Derek Roy in Lightning zone.
7:05 of 1st period - Snap shot by John Carlson.
7:05 of 1st period - Deflect By Sheldon Keefe.
7:05 of 1st period - Shot Misses the Net.
7:05 of 1st period - Puck is out of play.
7:06 of 1st period - Derek Roy wins face-off versus Sheldon Keefe in Jets zone.
7:24 of 1st period - Devin Setoguchi is hit by Henrik Zetterberg and loses puck.
8:55 of 1st period - Tyler Myers is hit by Jeff Schultz.
9:17 of 1st period - Andy Rogers is hit by Devin Setoguchi and loses puck.
9:51 of 1st period - Penalty to Loui Eriksson is over, Loui Eriksson is back on ice.
10:30 of 1st period - Erik Haula is hit by Jordan Nolan and loses puck.
11:07 of 1st period - Joe Colborne is hit by Sheldon Keefe and loses puck.
11:55 of 1st period - Shea Weber is hit by Kris Versteeg and loses puck.
12:16 of 1st period - John Carlson is hit by Marco Scandella and loses puck.
12:49 of 1st period - Wrist shot by Robert Nilsson.
12:49 of 1st period - Stopped by Kari Lehtonen with a rebound.
13:46 of 1st period - Wrist shot by Lee Stempniak.
13:46 of 1st period - Shot Misses the Net.
13:48 of 1st period - Slapshot by Justin Falk.
13:48 of 1st period - Shot Blocked by Andy Rogers.
14:02 of 1st period - Robert Nilsson is hit by Derek Stepan and loses puck.
14:25 of 1st period - Steve McCarthy is hit by Benoit Pouliot and loses puck.
15:45 of 1st period - Wrist shot by Marcus Johansson.
15:45 of 1st period - Stopped by Jaroslav Halak with a rebound.
16:19 of 1st period - Kris Versteeg is hit by Tyler Myers and loses puck.
16:46 of 1st period - Minor Penalty to Derek Stepan for Roughing.
16:47 of 1st period - Erik Haula wins face-off versus Robert Nilsson in Jets zone.
17:18 of 1st period - Snap shot by Steve Bernier.
17:18 of 1st period - Shot Misses the Net.
17:20 of 1st period - Wrist shot by Pierre-Marc Bouchard.
17:20 of 1st period - Deflect By Marco Scandella.
17:20 of 1st period - Goal by Pierre-Marc Bouchard - Jets : 0 - Lightning : 1.
17:21 of 1st period - Benoit Pouliot wins face-off versus Robert Nilsson in neutral zone.
17:24 of 1st period - Wrist shot by Marco Scandella.
17:24 of 1st period - Shot Misses the Net.
17:26 of 1st period - Snap shot by Marco Scandella.
17:26 of 1st period - Shot Misses the Net.
17:28 of 1st period - Snap shot by Derek Roy.
17:28 of 1st period - Stopped by Jaroslav Halak without a rebound.
17:29 of 1st period - Robert Nilsson wins face-off versus Derek Roy in Lightning zone.
17:29 of 1st period - Robert Nilsson is hit by Benoit Pouliot.
18:13 of 1st period - Snap shot by Robert Nilsson.
18:13 of 1st period - Shot Blocked by Marco Scandella.
18:15 of 1st period - Wrist shot by Jeff Schultz.
18:15 of 1st period - Shot Blocked by Benoit Pouliot.
18:17 of 1st period - Slapshot by Jeff Schultz.
18:17 of 1st period - Stopped by Kari Lehtonen without a rebound.
18:18 of 1st period - Pierre-Marc Bouchard wins face-off versus Derek Stepan in Jets zone.
18:27 of 1st period - Snap shot by Pierre-Marc Bouchard.
18:27 of 1st period - Stopped by Kari Lehtonen with a rebound.
19:50 of 1st period - Snap shot by James Wright.
19:50 of 1st period - Stopped by Jaroslav Halak without a rebound.
19:51 of 1st period - James Wright wins face-off versus Pierre-Marc Bouchard in Lightning zone.
19:52 of 1st period - Snap shot by Josh Bailey.
19:52 of 1st period - Stopped by Jaroslav Halak with a rebound.
19:54 of 1st period - Snap shot by Erik Haula.
19:54 of 1st period - Stopped by Jaroslav Halak with a rebound.
19:56 of 1st period - Wrist shot by James Wright.
19:56 of 1st period - Stopped by Jaroslav Halak with a rebound.
19:58 of 1st period - Snap shot by Erik Haula.
19:58 of 1st period - Goal by Erik Haula - Jets : 1 - Lightning : 1.
19:59 of 1st period - Derek Roy wins face-off versus Robert Nilsson in neutral zone.
Goals for this period are 1 for Jets vs 1 for Lightning .
Shots for this period are 9 for Jets vs 4 for Lightning .
2nd period
0:01 of 2nd period - Derek Roy wins face-off versus Kris Versteeg in neutral zone.
0:06 of 2nd period - Backhand shot by Derek Roy.
0:06 of 2nd period - Stopped by Jaroslav Halak with a rebound.
0:27 of 2nd period - Brent Burns is hit by Derek Stepan and loses puck.
0:52 of 2nd period - Tyler Myers is hit by Sheldon Keefe and loses puck.
1:05 of 2nd period - Jordan Nolan is hit by Erik Haula.
1:42 of 2nd period - Minor Penalty to Benoit Pouliot for Interference.
1:43 of 2nd period - Erik Haula wins face-off versus Robert Nilsson in Jets zone.
1:47 of 2nd period - Wrist shot by Henrik Zetterberg.
1:47 of 2nd period - Shot Blocked by Anton Volchenkov.
1:49 of 2nd period - Slapshot by Robert Nilsson.
1:49 of 2nd period - Stopped by Kari Lehtonen with a rebound.
1:51 of 2nd period - Slapshot by John Carlson.
1:51 of 2nd period - Stopped by Kari Lehtonen without a rebound.
1:52 of 2nd period - Erik Haula wins face-off versus Robert Nilsson in Jets zone.
2:15 of 2nd period - Snap shot by Kris Versteeg.
2:15 of 2nd period - Shot Misses the Net.
2:17 of 2nd period - Slapshot by Andy Rogers.
2:17 of 2nd period - Shot Misses the Net.
2:27 of 2nd period - Wrist shot by Robert Nilsson.
2:27 of 2nd period - Goal by Robert Nilsson - Jets : 1 - Lightning : 2.
2:28 of 2nd period - Derek Roy wins face-off versus Pierre-Marc Bouchard in neutral zone.
2:43 of 2nd period - Dustin Brown is hit by Pierre-Marc Bouchard and loses puck.
3:05 of 2nd period - John Carlson is hit by Alexander Frolov and loses puck.
4:00 of 2nd period - Justin Schultz is hit by Justin Falk and loses puck.
4:05 of 2nd period - Snap shot by Dustin Brown.
4:05 of 2nd period - Shot Misses the Net.
4:07 of 2nd period - Wrist shot by Dustin Brown.
4:07 of 2nd period - Stopped by Jaroslav Halak with a rebound.
4:09 of 2nd period - Wrist shot by Benoit Pouliot.
4:09 of 2nd period - Stopped by Jaroslav Halak without a rebound.
4:10 of 2nd period - Robert Nilsson wins face-off versus Derek Stepan in Lightning zone.
4:10 of 2nd period - Robert Nilsson is hit by Devin Setoguchi.
4:36 of 2nd period - Derek Roy is hit by Steve Bernier and loses puck.
4:47 of 2nd period - Wrist shot by Steve Bernier.
4:47 of 2nd period - Shot Misses the Net.
5:10 of 2nd period - Wrist shot by Jordan Nolan.
5:10 of 2nd period - Stopped by Kari Lehtonen with a rebound.
5:46 of 2nd period - Erik Haula is hit by Pierre-Marc Bouchard and loses puck.
5:51 of 2nd period - Slapshot by John Carlson.
5:51 of 2nd period - Shot Blocked by Anton Volchenkov.
6:09 of 2nd period - Derek Roy is hit by Henrik Zetterberg and loses puck.
6:20 of 2nd period - Wrist shot by Robert Nilsson.
6:20 of 2nd period - Shot Misses the Net.
6:22 of 2nd period - Backhand shot by John Carlson.
6:22 of 2nd period - Shot Blocked by Anton Volchenkov.
6:24 of 2nd period - Wrist shot by Robert Nilsson.
6:24 of 2nd period - Stopped by Kari Lehtonen with a rebound.
8:23 of 2nd period - Eric Gelinas is hit by Andy Rogers and loses puck.
8:48 of 2nd period - Kris Versteeg is hit by Tyler Myers and loses puck.
9:43 of 2nd period - Off-side.
9:44 of 2nd period - Robert Nilsson wins face-off versus Derek Roy in neutral zone.
10:13 of 2nd period - Slapshot by John Carlson.
10:13 of 2nd period - Stopped by Kari Lehtonen with a rebound.
10:15 of 2nd period - Slapshot by John Carlson.
10:15 of 2nd period - Deflect By Jordan Nolan.
10:15 of 2nd period - Shot Misses the Net.
10:15 of 2nd period - Puck is out of play.
10:16 of 2nd period - Derek Stepan wins face-off versus Pierre-Marc Bouchard in Jets zone.
10:21 of 2nd period - Snap shot by Devin Setoguchi.
10:21 of 2nd period - Shot Misses the Net.
10:41 of 2nd period - Justin Falk is hit by Henrik Zetterberg.
12:00 of 2nd period - Jordan Nolan is hit by Lee Stempniak and loses puck.
12:05 of 2nd period - Snap shot by Joe Colborne.
12:05 of 2nd period - Shot Misses the Net.
12:47 of 2nd period - Slapshot by Brent Burns.
12:47 of 2nd period - Stopped by Kari Lehtonen with a rebound.
12:49 of 2nd period - Wrist shot by Jeff Schultz.
12:49 of 2nd period - Deflect By Derek Roy.
12:49 of 2nd period - Stopped by Kari Lehtonen without a rebound.
12:50 of 2nd period - Alexander Frolov wins face-off versus Henrik Zetterberg in Jets zone.
13:36 of 2nd period - Minor Penalty to Tyler Myers for Boarding.
13:37 of 2nd period - Robert Nilsson wins face-off versus Erik Haula in Jets zone.
15:13 of 2nd period - Jeff Schultz is hit by Alexander Frolov and loses puck.
15:36 of 2nd period - Penalty to Tyler Myers is over, Tyler Myers is back on ice.
16:37 of 2nd period - Lee Stempniak is hit by Jordan Nolan and loses puck.
17:02 of 2nd period - Wrist shot by James Wright.
17:02 of 2nd period - Stopped by Jaroslav Halak without a rebound.
17:03 of 2nd period - Josh Bailey wins face-off versus Pierre-Marc Bouchard in Lightning zone.
17:08 of 2nd period - Snap shot by Josh Bailey.
17:08 of 2nd period - Shot Blocked by Andy Rogers.
17:43 of 2nd period - Icing by Dustin Brown.
17:44 of 2nd period - Derek Roy wins face-off versus Jordan Nolan in Jets zone.
17:51 of 2nd period - Snap shot by Loui Eriksson.
17:51 of 2nd period - Shot Misses the Net.
17:53 of 2nd period - Snap shot by Brent Burns.
17:53 of 2nd period - Shot Blocked by Shea Weber.
17:55 of 2nd period - Slapshot by Brent Burns.
17:55 of 2nd period - Shot Blocked by Shea Weber.
17:57 of 2nd period - Snap shot by Jeff Schultz.
17:57 of 2nd period - Shot Blocked by Shea Weber.
17:59 of 2nd period - Snap shot by Loui Eriksson.
17:59 of 2nd period - Deflect By Shea Weber.
17:59 of 2nd period - Shot Blocked by Derek Stepan.
17:59 of 2nd period - Puck is out of play.
18:00 of 2nd period - Robert Nilsson wins face-off versus Derek Roy in Jets zone.
18:01 of 2nd period - Wrist shot by Henrik Zetterberg.
18:01 of 2nd period - Stopped by Kari Lehtonen with a rebound.
18:08 of 2nd period - Brent Burns is hit by Dustin Brown and loses puck.
18:30 of 2nd period - Off-side.
18:31 of 2nd period - Derek Stepan wins face-off versus Daniel Carcillo in neutral zone.
19:15 of 2nd period - Wrist shot by John Carlson.
19:15 of 2nd period - Deflect By Steve Bernier.
19:15 of 2nd period - Goal by Steve Bernier - Jets : 1 - Lightning : 3.
19:16 of 2nd period - Derek Roy wins face-off versus Robert Nilsson in neutral zone.
19:26 of 2nd period - Slapshot by Jeff Schultz.
19:26 of 2nd period - Stopped by Kari Lehtonen with a rebound.
19:28 of 2nd period - Snap shot by Brent Burns.
19:28 of 2nd period - Shot Hit the Post.
19:30 of 2nd period - Wrist shot by Kris Versteeg.
19:30 of 2nd period - Deflect By Henrik Zetterberg.
19:30 of 2nd period - Shot Misses the Net.
19:30 of 2nd period - Puck is out of play.
19:31 of 2nd period - Robert Nilsson wins face-off versus Derek Roy in Jets zone.
19:58 of 2nd period - Devin Setoguchi is hit by Pierre-Marc Bouchard and loses puck.
Goals for this period are 0 for Jets vs 2 for Lightning .
Shots for this period are 4 for Jets vs 11 for Lightning .
3rd period
0:01 of 3rd period - Robert Nilsson wins face-off versus Derek Roy in neutral zone.
0:12 of 3rd period - Snap shot by Derek Roy.
0:12 of 3rd period - Stopped by Jaroslav Halak without a rebound.
0:13 of 3rd period - Robert Nilsson wins face-off versus Derek Roy in Lightning zone.
1:03 of 3rd period - Marcus Johansson is hit by Loui Eriksson and loses puck.
1:26 of 3rd period - Slapshot by Erik Haula.
1:26 of 3rd period - Shot Misses the Net.
1:30 of 3rd period - Slapshot by Shea Weber.
1:30 of 3rd period - Deflect By Robert Nilsson.
1:30 of 3rd period - Stopped by Jaroslav Halak with a rebound.
1:32 of 3rd period - Slapshot by Shea Weber.
1:32 of 3rd period - Shot Misses the Net.
1:44 of 3rd period - Slapshot by Justin Schultz.
1:44 of 3rd period - Stopped by Kari Lehtonen without a rebound.
1:45 of 3rd period - Pierre-Marc Bouchard wins face-off versus Derek Roy in Jets zone.
1:46 of 3rd period - Wrist shot by Daniel Carcillo.
1:46 of 3rd period - Stopped by Kari Lehtonen with a rebound.
1:48 of 3rd period - Slapshot by Jeff Schultz.
1:48 of 3rd period - Stopped by Kari Lehtonen with a rebound.
1:50 of 3rd period - Slapshot by Daniel Carcillo.
1:50 of 3rd period - Stopped by Kari Lehtonen without a rebound.
1:51 of 3rd period - Robert Nilsson wins face-off versus Derek Roy in Jets zone.
1:52 of 3rd period - Wrist shot by Henrik Zetterberg.
1:52 of 3rd period - Stopped by Kari Lehtonen without a rebound.
1:53 of 3rd period - Robert Nilsson wins face-off versus Derek Roy in Jets zone.
2:08 of 3rd period - Wrist shot by Benoit Pouliot.
2:08 of 3rd period - Shot Misses the Net.
2:10 of 3rd period - Slapshot by Tyler Myers.
2:10 of 3rd period - Stopped by Jaroslav Halak without a rebound.
2:11 of 3rd period - Pierre-Marc Bouchard wins face-off versus Derek Stepan in Lightning zone.
2:59 of 3rd period - Kris Versteeg is hit by Benoit Pouliot and loses puck.
3:07 of 3rd period - Icing by Henrik Zetterberg.
3:08 of 3rd period - Robert Nilsson wins face-off versus Derek Roy in Lightning zone.
3:08 of 3rd period - Robert Nilsson is hit by Dustin Brown.
3:18 of 3rd period - Wrist shot by Robert Nilsson.
3:18 of 3rd period - Deflect By Henrik Zetterberg.
3:18 of 3rd period - Shot Misses the Net.
3:18 of 3rd period - Puck is out of play.
3:19 of 3rd period - Henrik Zetterberg wins face-off versus Derek Roy in Jets zone.
3:22 of 3rd period - Snap shot by Henrik Zetterberg.
3:22 of 3rd period - Shot Misses the Net.
3:32 of 3rd period - Snap shot by Kris Versteeg.
3:32 of 3rd period - Shot Blocked by Derek Roy.
3:47 of 3rd period - Off-side.
3:48 of 3rd period - Derek Stepan wins face-off versus Pierre-Marc Bouchard in neutral zone.
3:56 of 3rd period - Icing by Steve Bernier.
3:57 of 3rd period - Pierre-Marc Bouchard wins face-off versus Benoit Pouliot in Lightning zone.
3:57 of 3rd period - Daniel Carcillo is hit by Derek Roy and loses puck.
4:23 of 3rd period - Wrist shot by Daniel Carcillo.
4:23 of 3rd period - Stopped by Kari Lehtonen without a rebound.
4:24 of 3rd period - Robert Nilsson wins face-off versus Derek Stepan in Jets zone.
4:30 of 3rd period - Minor Penalty to Marco Scandella for Tripping.
4:31 of 3rd period - Erik Haula wins face-off versus Robert Nilsson in Jets zone.
5:11 of 3rd period - Wrist shot by Daniel Carcillo.
5:11 of 3rd period - Stopped by Kari Lehtonen with a rebound.
5:13 of 3rd period - Snap shot by Steve Bernier.
5:13 of 3rd period - Shot Misses the Net.
6:30 of 3rd period - Penalty to Marco Scandella is over, Marco Scandella is back on ice.
6:44 of 3rd period - Erik Haula is hit by Loui Eriksson and loses puck.
7:17 of 3rd period - Derek Stepan is hit by Justin Schultz and loses puck.
7:58 of 3rd period - Wrist shot by James Wright.
7:58 of 3rd period - Shot Misses the Net.
8:00 of 3rd period - Snap shot by Derek Stepan.
8:00 of 3rd period - Shot Misses the Net.
8:22 of 3rd period - Henrik Zetterberg is hit by Erik Haula and loses puck.
9:15 of 3rd period - Wrist shot by James Wright.
9:15 of 3rd period - Shot Misses the Net.
9:17 of 3rd period - Slapshot by James Wright.
9:17 of 3rd period - Stopped by Jaroslav Halak with a rebound.
9:35 of 3rd period - Pierre-Marc Bouchard is hit by Marco Scandella.
9:47 of 3rd period - Jeff Schultz is hit by Shea Weber.
10:05 of 3rd period - Derek Roy is hit by Kris Versteeg and loses puck.
10:32 of 3rd period - Slapshot by Shea Weber.
10:32 of 3rd period - Deflect By Devin Setoguchi.
10:32 of 3rd period - Shot Hit the Post.
10:32 of 3rd period - Puck is out of play.
10:33 of 3rd period - Derek Stepan wins face-off versus Jordan Nolan in Lightning zone.
10:34 of 3rd period - Wrist shot by Alexander Frolov.
10:34 of 3rd period - Shot Misses the Net.
10:36 of 3rd period - Slapshot by Anton Volchenkov.
10:36 of 3rd period - Shot Misses the Net.
10:38 of 3rd period - Wrist shot by Alexander Frolov.
10:38 of 3rd period - Shot Blocked by Brent Burns.
10:48 of 3rd period - Snap shot by Devin Setoguchi.
10:48 of 3rd period - Stopped by Jaroslav Halak with a rebound.
11:24 of 3rd period - Brent Burns is hit by Marcus Johansson and loses puck.
12:15 of 3rd period - Josh Bailey is hit by Loui Eriksson and loses puck.
14:50 of 3rd period - Snap shot by Dustin Brown.
14:50 of 3rd period - Stopped by Jaroslav Halak without a rebound.
14:51 of 3rd period - Derek Roy wins face-off versus Pierre-Marc Bouchard in Lightning zone.
14:54 of 3rd period - Slapshot by Dustin Brown.
14:54 of 3rd period - Deflect By Benoit Pouliot.
14:54 of 3rd period - Shot Misses the Net.
14:54 of 3rd period - Puck is out of play.
14:55 of 3rd period - Pierre-Marc Bouchard wins face-off versus Derek Roy in Lightning zone.
14:57 of 3rd period - Minor Penalty to Pierre-Marc Bouchard for Hooking.
14:58 of 3rd period - Henrik Zetterberg wins face-off versus Benoit Pouliot in Lightning zone.
15:43 of 3rd period - Sheldon Keefe is hit by Alexander Frolov and loses puck.
16:57 of 3rd period - Penalty to Pierre-Marc Bouchard is over, Pierre-Marc Bouchard is back on ice.
17:10 of 3rd period - Daniel Carcillo is hit by Tyler Myers and loses puck.
17:26 of 3rd period - Tyler Myers is hit by Pierre-Marc Bouchard and loses puck.
17:27 of 3rd period - Tyler Myers from Jets is injured at 17:27 of 3rd period (Abdomen/Ribs).
17:28 of 3rd period - Robert Nilsson wins face-off versus Joe Colborne in Lightning zone.
17:28 of 3rd period - Robert Nilsson is hit by Shea Weber.
18:43 of 3rd period - Slapshot by Henrik Zetterberg.
18:43 of 3rd period - Goal by Henrik Zetterberg - Jets : 1 - Lightning : 4.
18:44 of 3rd period - Derek Roy wins face-off versus Robert Nilsson in neutral zone.
18:49 of 3rd period - Slapshot by Eric Gelinas.
18:49 of 3rd period - Shot Misses the Net.
19:40 of 3rd period - Slapshot by Justin Falk.
19:40 of 3rd period - Stopped by Jaroslav Halak with a rebound.
19:42 of 3rd period - Wrist shot by Joe Colborne.
19:42 of 3rd period - Stopped by Jaroslav Halak with a rebound.
19:54 of 3rd period - Slapshot by Josh Bailey.
19:54 of 3rd period - Shot Blocked by Andy Rogers.
Goals for this period are 0 for Jets vs 1 for Lightning .
Shots for this period are 8 for Jets vs 8 for Lightning .
Back to the Top